 Dungeon Crawl Stone Soup version 0.25-a0-565-g8875c97ebb (webtiles) character file.

Game seed: 14490556548460846693, levelgen mode: deterministic

4690 Emblim88 the Changer (level 10, 0/95 (96) HPs)
             Began as a Troll Transmuter on Feb 26, 2020.
             Was a High Priest of Okawaru.
             Slain by an orc warrior
             ... wielding a +0 hand axe
              (16 damage)
             ... on level 9 of the Dungeon.
             The game lasted 00:18:02 (7912 turns).

Emblim88 the Changer (Troll Transmuter)             Turns: 7912, Time: 00:18:02

HP:   0/95 (96)     AC: 10    Str: 21    XL:     10   Next: 21%
MP:   10/13         EV: 12    Int: 11    God:    Okawaru [*****.]
Gold: 664           SH:  0    Dex: 10    Spells: 5/11 levels left

rFire    . . .     SeeInvis +     - Unarmed
rCold    . . .     Gourm    +   (no shield)
rNeg     . . .     Faith    +   b - +0 robe
rPois    .         Spirit   .   (helmet restricted)
rElec    .         Reflect  .   l - +0 cloak
rCorr    .         Harm     .   (gloves unavailable)
MR       .....                  (boots unavailable)
Stlth    +++.......             u - amulet of faith
HPRegen  0.65/turn              K - +3 ring of protection
MPRegen  0.13/turn              x - ring of see invisible

@: appendage, heroism
A: large, unfitting armour, claws 3, horns 2, fast metabolism 3, gourmand,
regeneration 1, shaggy fur 1, tough skin 3
a: End Transformation, Heroism, Finesse, Renounce Religion


You were on level 9 of the Dungeon.
You worshipped Okawaru.
Okawaru was extremely pleased with you.
You were full.
You had grown temporary horns.
You visited 1 branch of the dungeon, and saw 9 of its levels.

You collected 664 gold pieces.

Inventory:

Hand Weapons
 E - the +7 mace of Equivalence {flame, rElec rC+ Str+2 Int+2}
   (You found it on level 7 of the Dungeon)

   It has been specially enchanted to burn those struck by it, causing extra
   injury to most foes and up to half again as much damage against particularly
   susceptible opponents.
   It affects your strength (+2).
   It affects your intelligence (+2).
   It protects you from cold.
   It insulates you from electricity.
Missiles
 a - 169 arrows
 h - 6 boomerangs (quivered)
 v - 33 poisoned darts
Armour
 b - a +0 robe (worn)
 l - a +0 cloak (worn)
 I - +1 acid dragon scales
Jewellery
 c - an uncursed amulet of guardian spirit {unknown}
 s - an uncursed ring of ice
 u - an amulet of faith (around neck)
 x - a ring of see invisible (right claw)
 B - an uncursed ring of fire
 K - a +3 ring of protection (left claw)
Wands
 D - a wand of paralysis (19)
 H - a wand of iceblast (6)
Scrolls
 e - 8 scrolls of remove curse
 g - 4 scrolls of magic mapping
 q - 3 scrolls of teleportation
 t - 2 scrolls of immolation
 w - a scroll of blinking
 y - a scroll of enchant weapon
 F - a scroll of fear
 L - a scroll of noise {unknown}
Potions
 i - 7 potions of curing
 j - 3 potions of resistance {unknown}
 k - 5 potions of heal wounds
 m - 2 potions of haste {unknown}
 n - 6 potions of mutation
 o - a potion of magic {unknown}
 p - 2 potions of flight {unknown}
 r - a potion of might {unknown}
 z - a potion of ambrosia {unknown}
 A - 2 potions of invisibility {unknown}
 C - a potion of cancellation {unknown}
 G - 2 potions of stabbing {unknown}
 M - a potion of degeneration {unknown}
Comestibles
 d - 12 rations


   Skills:
 + Level 5.4(10.4) Fighting
 + Level 3.1(8.1) Throwing
 - Level 1.5(6.5) Dodging
 + Level 7.1(12.1) Unarmed Combat
 - Level 1.2 Spellcasting
 * Level 7.3 Transmutations
 + Level 5.6 Invocations


You had 5 spell levels left.
You knew the following spells:

 Your Spells              Type           Power        Failure   Level  Hunger
a - Beastly Appendage     Tmut           ###...       1%          1    ##.....
b - Blade Hands           Tmut           ###.......   41%         5    ######.

Your spell library contained the following spells:

 Spells                   Type           Power        Failure   Level  Hunger
 Sticks to Snakes         Tmut           ###.....     2%          2    ###....
 Spider Form              Tmut/Pois      #.........   22%         3    ####...
 Ice Form                 Ice/Tmut       #.......     56%         4    #####..


Dungeon Overview and Level Annotations

Branches:
Dungeon (9/15)             Temple (0/1) D:6
   Lair: D:8-11         Orc: D:9-12

Altars:
Cheibriados
Elyvilon
Fedhas
Gozag
Kikubaaqudgha
Makhleb
Nemelex Xobeh
Okawaru
Ru
Sif Muna
Trog
Wu Jian

Shops:
D:5 :   D:7 :


Innate Abilities, Weirdness & Mutations

You are too large for most types of armour.
You have claws for hands.
Your metabolism is lightning-fast.
You like to eat raw meat.
Your natural rate of healing is unusually fast.
You are covered in fur. (AC +1)
You have extremely tough skin. (AC +3)
You have a pair of horns on your head.


Message History

The orc warrior is moderately wounded.
You claw the orc warrior!
The orc warrior is severely wounded.
The orc warrior misses you.
You completely miss the orc warrior.
The orc warrior is severely wounded.
The orc warrior closely misses you.
You scratch the orc warrior.
You headbutt the orc warrior, but do no damage.
The orc warrior is almost dead.
The orc warrior hits you with a +0 hand axe!!
* * * LOW HITPOINT WARNING * * *
Casting: Beastly Appendage (safe; 1% risk of failure)
Confirm with . or Enter, or press ? or * to list all spells.
You extend your transformation's duration.
The orc warrior hits you with a +0 hand axe.
* * * LOW HITPOINT WARNING * * *
You gain the combat prowess of a mighty hero.
The orc warrior hits you with a +0 hand axe!
You die...

... # ... #.
#.# ... #.#
.... #.#
.....##.######
.<.......)...#
.>..##.####.#
. #@# #.# #o#
#<# #o# #.#
#)# #.# #(#
#.# #(# #.#
#(# ... #.#
### #.#


You could see an orc warrior and an orc priest.

Vanquished Creatures
  Erica (D:8)
  Maggie (D:7)
  3 hippogriffs (D:8)
  The ghost of Phong the Chopper, an amateur OgGl (D:5)
  A water moccasin (D:6)
  2 phantoms
  2 orc warriors
  2 ice beasts
  An ogre (D:6)
  An eye of draining (D:8)
  3 centaurs
  A necrophage (D:7)
  2 big kobolds
  4 bullfrogs
  4 scorpions
  4 wights (D:8)
  2 howler monkeys (D:7)
  2 bullfrog zombies
  A crimson imp (D:8)
  4 hounds
  A quasit (D:7)
  3 jellies
  2 centaur skeletons (D:4)
  3 orc priests
  5 orc wizards
  Crazy Yiuf (D:7)
  2 iguanas
  5 worker ants
  A howler monkey zombie (D:5)
  A worker ant zombie (D:7)
  3 gnolls
  5 adders
  A hound simulacrum (D:5)
  2 shadow imps
  2 howler monkey simulacra (D:5)
  A worker ant simulacrum (D:5)
  An adder zombie (D:5)
  2 worms
  6 dart slugs
  An adder simulacrum (D:5)
  6 leopard geckos
  17 orcs
  2 ball pythons (D:3)
  8 giant cockroaches
  5 goblins
  10 hobgoblins
  9 jackals
  25 kobolds
  6 quokkas
  10 bats
  8 frilled lizards
  A leopard gecko simulacrum (D:5)
  2 quokka zombies
  18 rats
217 creatures vanquished.

Vanquished Creatures (others)
  An orc wizard (D:3)
  An orc (D:3)
2 creatures vanquished.

Grand Total: 219 creatures vanquished

Notes
Turn   | Place    | Note
-------+----------+-------------------------------------------
     0 | D:1      | Emblim88 the Troll Transmuter began the quest for the Orb.
     0 | D:1      | Reached XP level 1. HP: 18/18 MP: 1/1
    18 | D:1      | Reached skill level 1 in Fighting
    56 | D:1      | Reached XP level 2. HP: 26/27 MP: 2/2
   405 | D:1      | Reached XP level 3. HP: 33/33 MP: 3/3
   484 | D:1      | Found an iron altar of Okawaru.
   501 | D:1      | Became a worshipper of Warmaster Okawaru
  1132 | D:2      | Found a sparkling altar of Nemelex Xobeh.
  1325 | D:2      | Found a snail-covered altar of Cheibriados.
  1328 | D:2      | Found a white marble altar of Elyvilon.
  1339 | D:2      | Found an ancient bone altar of Kikubaaqudgha.
  1342 | D:2      | Found an iron altar of Okawaru.
  1644 | D:3      | Reached XP level 4. HP: 41/41 MP: 4/4
  1708 | D:2      | Reached skill level 1 in Invocations
  1789 | D:2      | Reached XP level 5. HP: 42/49 MP: 5/5
  2448 | D:4      | Reached XP level 6. HP: 52/57 MP: 6/6
  2455 | D:4      | Learned a level 5 spell: Blade Hands
  2610 | D:4      | Found an ornate altar of the Wu Jian Council.
  2686 | D:4      | Reached * piety under Okawaru
  2961 | D:4      | Reached XP level 7. HP: 66/66 MP: 7/7
  3598 | D:5      | Entered Level 5 of the Dungeon
  3820 | D:5      | Found a runed translucent gate.
  3820 | D:5      | Found a runed translucent gate.
  3820 | D:5      | Found a runed translucent gate.
  3853 | D:5      | Found Abbe's Book Shop.
  3901 | D:5      | Found a bloodstained altar of Trog.
  3989 | D:5      | Found a blossoming altar of Fedhas.
  3996 | D:5      | Reached ** piety under Okawaru
  4056 | D:5      | Found an opulent altar of Gozag.
  4148 | D:5      | Noticed Phong's ghost (amateur OgGl)
  4187 | D:5      | Reached skill level 5 in Unarmed Combat
  4481 | D:5      | Reached XP level 8. HP: 66/75 MP: 9/9
  4534 | D:5      | Killed Phong's ghost
  4534 | D:5      | Reached skill level 5 in Transmutations
  4915 | D:6      | Found a staircase to the Ecumenical Temple.
  4933 | D:6      | Reached *** piety under Okawaru
  5583 | D:7      | Found Nafe's Book Shoppe.
  5595 | D:7      | Reached XP level 9. HP: 76/85 MP: 11/11
  5948 | D:7      | Noticed Maggie
  6066 | D:7      | Killed Maggie
  6066 | D:7      | Reached skill level 1 in Throwing
  6220 | D:7      | Found a runed translucent door.
  6221 | D:7      | Noticed Crazy Yiuf
  6228 | D:7      | Killed Crazy Yiuf
  6233 | D:7      | Got a translucent mace
  6234 | D:7      | Identified the +7 mace of Equivalence {flame, rElec rC+
                  | Str+2 Int+2} (You found it on level 7 of the Dungeon)
  6551 | D:7      | Found a shimmering blue altar of Sif Muna.
  6552 | D:7      | Found a burning altar of Makhleb.
  6641 | D:8      | Noticed Erica
  6655 | D:7      | Reached **** piety under Okawaru
  6800 | D:8      | Reached skill level 5 in Invocations
  6905 | D:8      | Killed Erica
  6905 | D:8      | Reached skill level 5 in Fighting
  7170 | D:8      | Reached XP level 10. HP: 54/95 MP: 13/13
  7363 | D:8      | Found a sacrificial altar of Ru.
  7815 | D:8      | Reached ***** piety under Okawaru
  7912 | D:9      | Slain by an orc warrior

Levels and vault maps discovered:
D:1:      erik_arrival_orb_chamber, layout_basic, chequers_garden,
          okawaru_ov_weapons_minmay
D:2:      layout_basic, grunt_temple_overflow_cloverleaf,
          nemelex_xobeh_ov_fountains_minmay
D:3:      wander_river, layout_basic
D:4:      cheibrodos_thug_alley, layout_loops_corners, lemuel_round_altar,
          first_ration
D:5:      layout_basic, marbit_many_paths, kennysheep_little_box, bloody_trog,
          serial_shops, nicolae_shop_temple_entry_statues_fountains,
          gammafunk_ghost_icy
D:6:      minmay_klotski, layout_loops_ring, minmay_temple_entry_slanted
D:7:      layout_basic, gammafunk_temple_overflow_pools, serial_shops,
          kennysheep_mini, serial_co_window_serial, co_window_paths_a,
          co_window_cross_1, co_window_paths_b, co_window_paths_a,
          co_window_paths_b, co_window_cross_1, co_window_paths_b,
          co_window_corner_a, co_window_paths_b, co_window_broadway_a,
          co_window_broadway_c, co_window_unsneaky_path_d, glass_columns_b,
          uniq_crazy_yiuf_cottage, uniq_maggie
D:8:      layout_basic, hangedman_ru_absence, grunt_ministairs_4, uniq_erica
D:9:      layout_loops_ring, tso_oasis_becter, david_lair_shrubbed,
          due_unseen_surprise

Skill      XL: |  1  2  3  4  5  6  7  8  9 10 |
---------------+-------------------------------+-----
Fighting       | 1 2 3 4 5 |  5.4
Transmutations | 2 3 4 5 7 |  7.3
Invocations    | 1 2 3 4 5 |  5.6
Unarmed Combat | 4 5 6 7 |  7.1
Throwing       | 2 3 |  3.1
Dodging        | |  1.5
Spellcasting   | |  1.2

Action                   |  1- 3 |  4- 6 |  7- 9 | 10-12 || total
-------------------------+-------+-------+-------+-------++-------
Melee: Unarmed           |   149 |   172 |   323 |    48 ||   692
       Punch             |     1 |     3 |     4 |     1 ||     9
       Kick              |       |     4 |    22 |       ||    26
       Headbutt          |       |     1 |     6 |     2 ||     9
       Mace              |       |       |    11 |       ||    11
Throw: Boomerang         |       |     6 |       |     4 ||    10
       Dart              |       |     5 |    27 |       ||    32
       Javelin           |       |       |    11 |    12 ||    23
 Cast: Beastly Appendage |       |     2 |    10 |     3 ||    15
Invok: Heroism           |       |       |     4 |     1 ||     5
  Use: Scroll            |       |       |    11 |       ||    11
 Stab: Sleeping          |     2 |     2 |     1 |       ||     5
  Eat: Chunk             |    12 |    15 |    45 |     4 ||    76
Armor: Robe              |    69 |    60 |    80 |    22 ||   231
Dodge: Dodged            |    73 |   100 |   121 |    33 ||   327

Table legend:
 A = Non-vault XP
 B = Vault XP
 C = Vault XP percentage of total XP
 D = Non-vault monster count
 E = Vault monster count
 F = Vault count percentage of total count
                 A         B        C        D         E       F
            +---------+---------+-------+---------+---------+-------
      Total |    4594 |    2107 |  31.4 |     181 |      36 |  16.6
            +---------+---------+-------+---------+---------+-------
        D:1 |      46 |      12 |  20.7 |      25 |      12 |  32.4
        D:2 |     154 |       0 |   0.0 |      27 |       0 |   0.0
        D:3 |     136 |       0 |   0.0 |      25 |       0 |   0.0
        D:4 |     459 |     111 |  19.5 |      16 |      11 |  40.7
        D:5 |     465 |     396 |  46.0 |      25 |       9 |  26.5
        D:6 |     917 |       0 |   0.0 |      17 |       0 |   0.0
        D:7 |     696 |     443 |  38.9 |      16 |       2 |  11.1
        D:8 |    1473 |    1145 |  43.7 |      25 |       2 |   7.4
        D:9 |     248 |       0 |   0.0 |       5 |       0 |   0.0
            +---------+---------+-------+---------+---------+-------
